 Dungeon Crawl Stone Soup version 0.25-a0-190-g27fffb8c76 (webtiles) character file.

Game seed: 10036589086999822438, levelgen mode: deterministic

23138 JADarius the Severer (level 12, -16/168 HPs)
             Began as a Minotaur Berserker on Nov 25, 2019.
             Was a High Priest of Trog.
             Demolished by a death yak (25 damage)
             ... on level 3 of the Lair of Beasts on Nov 30, 2019.
             The game lasted 01:22:36 (15854 turns).

JADarius the Severer (Minotaur Berserker)          Turns: 15854, Time: 01:22:37

Health: -16/168    AC:  7    Str: 28    XL:     12   Next: 69%
Magic:  11/11      EV: 19    Int:  4    God:    Trog [*****.]
Gold:   1050       SH:  0    Dex: 14    Spells: 11/11 levels left

rFire    . . .     SeeInvis .   X - +0 battleaxe
rCold    . . .     Gourm    .   (shield currently unavailable)
rNeg     . . .     Faith    .   U - +0 steam dragon scales
rPois    .         Spirit   .   (helmet restricted)
rElec    .         Reflect  .   (no cloak)
rCorr    .         Harm     .   (no gloves)
MR       .....                  (no boots)
Stlth    ..........             f - amulet of the acrobat
HPRegen  0.38/turn              (no ring)
MPRegen  0.12/turn              (no ring)

@: berserking, about to teleport, very quick
A: retaliatory headbutt, horns 2
a: Berserk, Trog's Hand, Brothers in Arms, Renounce Religion


You were on level 3 of the Lair of Beasts.
You worshipped Trog.
Trog was extremely pleased with you.
You were very hungry.

You visited 2 branches of the dungeon, and saw 14 of its levels.

You collected 1050 gold pieces.

Inventory:

Hand Weapons
 a - a +5 longbow of velocity
 X - a +0 battleaxe (weapon)
Missiles
 b - 94 arrows (quivered)
 e - 26 poisoned darts
Armour
 q - a +0 scale mail
 E - a +0 chain mail
 U - +0 steam dragon scales (worn)
Jewellery
 f - an amulet of the acrobat (around neck)
 i - a +2 ring of dexterity {unknown}
 n - an uncursed ring of ice {unknown}
 t - an uncursed amulet of faith {unknown}
 u - an uncursed ring of protection from cold {unknown}
 x - an uncursed ring of magical power {unknown}
 B - a +2 ring of dexterity {unknown}
 N - an uncursed ring of positive energy {unknown}
 Y - a +3 ring of dexterity {unknown}
Wands
 w - a wand of iceblast (25)
 F - a wand of random effects (25)
 G - a wand of clouds (5)
 H - a wand of acid (21)
 M - a wand of disintegration (11)
 O - a wand of flame (27)
 R - a wand of scattershot (4)
Scrolls
 g - 10 scrolls of identify
 j - 5 scrolls of remove curse
 k - 2 scrolls of immolation {unknown}
 l - a scroll of teleportation
 m - a scroll of amnesia
 o - a scroll of enchant armour {unknown}
 s - 2 scrolls of enchant weapon {unknown}
 y - 2 scrolls of magic mapping {unknown}
 z - a scroll of silence {unknown}
 A - 2 scrolls of blinking {unknown}
 D - a scroll of fear {unknown}
 K - a scroll of torment {unknown}
 L - 2 scrolls of noise {unknown}
 P - a scroll of vulnerability {unknown}
 V - 3 scrolls of fog {unknown}
Potions
 d - 4 potions of might
 h - 2 potions of heal wounds {unknown}
 p - 3 potions of mutation {unknown}
 r - 4 potions of invisibility {unknown}
 v - 5 potions of curing
 C - 3 potions of brilliance {unknown}
 I - 2 potions of magic {unknown}
 J - 2 potions of degeneration {unknown}
 Q - a potion of ambrosia {unknown}
 S - a potion of haste
 T - a potion of flight {unknown}
Comestibles
 c - 13 rations


   Skills:
 + Level 12.0 Fighting
 * Level 15.6 Axes
 + Level 11.7 Armour
 + Level 10.9 Dodging


You had 11 spell levels left.
You didn't know any spells.
Your spell library was empty.

Dungeon Overview and Level Annotations

Branches:
Dungeon (11/15)            Temple (0/1) D:4            Lair (3/6) D:11
 Shoals (0/4) Lair:3        Snake (0/4) Lair:2          Orc (0/2) D:10

Altars:
Ashenzari
Fedhas
Kikubaaqudgha
Makhleb
Qazlal
Sif Muna
Uskayaw
Wu Jian
Zin
The Shining One

Shops:
D:7 :


Innate Abilities, Weirdness & Mutations

You reflexively headbutt those who attack you in melee.
You have a pair of horns on your head.


Message History

You hit the death yak. You slash the death yak! The death yak gores you! x3
You are too injured to fight recklessly!
You are too injured to fight recklessly!
You are too injured to fight recklessly!
You are too injured to fight recklessly!
As you read the scroll of teleportation, it crumbles to dust.
You feel strangely unstable. The death yak misses you. You furiously retaliate!
You headbutt the death yak, but do no damage.
The death yak gores you!
* * * LOW HITPOINT WARNING * * *
The death yak gores you!
* * * LOW HITPOINT WARNING * * *
A red film seems to cover your vision as you go berserk!
You feel yourself moving faster!
You feel mighty!
You are feeling very hungry.
You hear the brisk rumble of a distant avalanche of rocks.
The death yak gores you!
* * * LOW HITPOINT WARNING * * *
The death yak gores you!!
You die...

....##.....# .........
#......##....# #........
......##....# ##.PP.P.>.
#...........###.P...PP..
#....#.....P.##.P.......
#... ##.....P# #..P...PP
###...###Y.##.P###..PPP.PP
#P......YY###..##...).÷.†P
##......Y@##..###...).....
#.....P##..........÷).....
....P## ##..#.###P..).....
.#..# ##...###.....<...
#.. ##...###.......P ...
#..## #.....##P ..
##.####....## .
...##...##...P#..#.
...................


You could see 4 death yaks.

Vanquished Creatures
  Gastronok (Lair:3)
  Erolcha (D:9)
  Harold (D:9)
  A two-headed ogre (D:10)
  8 death yaks
  Pikel (D:8)
  A gargoyle (D:11)
  2 spiny frogs (Lair:3)
  2 komodo dragons
  2 trolls
  Prince Ribbit (D:9)
  2 hippogriffs
  Sigmund (D:5)
  4 wyverns
  18 yaks
  A steam dragon (D:11)
  A basilisk (D:11)
  3 hungry ghosts
  Menkaure (D:6)
  4 nagas (Lair:2)
  Edmund (D:6)
  8 water moccasins
  3 porcupines
  5 ice beasts
  3 orc warriors
  2 sky beasts
  A phantom (D:6)
  2 slaves (D:8)
  3 necrophages (D:10)
  3 ogres
  8 centaurs
  4 crocodiles
  A big kobold (D:10)
  13 bullfrogs
  6 scorpions
  9 wights
  A howler monkey (D:7)
  2 bullfrog zombies
  6 crimson imps
  A quasit (D:10)
  3 bullfrog skeletons
  4 orc priests
  A jelly (D:8)
  Crazy Yiuf (D:6)
  3 hounds
  2 iguanas
  14 orc wizards
  13 worker ants
  2 hound zombies
  2 hound skeletons
  A worker ant zombie (D:6)
  2 howler monkey skeletons
  6 adders
  4 shadow imps
  2 oozes
  3 adder zombies
  4 adder skeletons
  5 worms
  3 dart slugs
  2 leopard geckos
  30 orcs
  6 giant cockroaches
  2 goblins
  7 hobgoblins
  8 jackals
  12 kobolds
  5 quokkas
  3 ball pythons
  7 bats
  5 frilled lizards
  A giant cockroach zombie (D:3)
  A jackal skeleton (D:7)
  2 leopard gecko skeletons
  7 rats
  3 plants
314 creatures vanquished.

Vanquished Creatures (collateral kills)
  A merfolk (D:10)
  A hippogriff (D:10)
2 creatures vanquished.

Vanquished Creatures (others)
  A kobold (D:10)
  A bush (Lair:3)
  A fungus (Lair:2)
3 creatures vanquished.

Grand Total: 319 creatures vanquished

Notes
Turn   | Place    | Note
-------+----------+-------------------------------------------
     0 | D:1      | JADarius the Minotaur Berserker began the quest for the
                  | Orb.
     0 | D:1      | Reached XP level 1. HP: 19/19 MP: 0/0
   322 | D:1      | Reached XP level 2. HP: 27/27 MP: 1/1
   613 | D:1      | Reached skill level 4 in Axes
   750 | D:1      | Reached XP level 3. HP: 33/33 MP: 2/2
  1332 | D:2      | Reached XP level 4. HP: 34/41 MP: 3/3
  1642 | D:2      | Found a burning altar of Makhleb.
  1661 | D:2      | Reached ** piety under Trog
  2756 | D:3      | Found a shimmering blue altar of Sif Muna.
  2768 | D:3      | Reached XP level 5. HP: 19/47 MP: 4/4
  3199 | D:4      | Reached skill level 5 in Axes
  3386 | D:4      | Noticed an ogre
  3395 | D:4      | Killed an ogre
  3395 | D:4      | Reached skill level 5 in Fighting
  3395 | D:4      | Reached XP level 6. HP: 56/56 MP: 5/5
  3593 | D:4      | Found a staircase to the Ecumenical Temple.
  3707 | D:4      | Found a glowing silver altar of Zin.
  3964 | D:4      | Reached skill level 6 in Axes
  3996 | D:4      | Reached XP level 7. HP: 46/61 MP: 6/6
  4399 | D:5      | Entered Level 5 of the Dungeon
  4743 | D:5      | Reached skill level 5 in Armour
  4769 | D:5      | Found an ornate altar of the Wu Jian Council.
  4773 | D:5      | Found a stormy altar of Qazlal.
  4773 | D:5      | Found an ancient bone altar of Kikubaaqudgha.
  4846 | D:5      | Found a blossoming altar of Fedhas.
  5159 | D:5      | Noticed Sigmund
  5184 | D:5      | Killed Sigmund
  5184 | D:5      | Reached skill level 7 in Axes
  5392 | D:6      | Upgraded the game from 0.25-a0-167-g836c352ace to
                  | 0.25-a0-185-g6cfeca75b2
  5405 | D:6      | Reached skill level 5 in Dodging
  5494 | D:6      | Reached XP level 8. HP: 61/71 MP: 7/7
  5692 | D:6      | Noticed Edmund
  5707 | D:6      | Killed Edmund
  5707 | D:6      | Reached skill level 8 in Axes
  5976 | D:6      | Found a burning altar of Makhleb.
  6094 | D:6      | Reached *** piety under Trog
  6195 | D:6      | Noticed Menkaure
  6200 | D:6      | Killed Menkaure
  6692 | D:6      | Found a runed translucent door.
  6693 | D:6      | Noticed Crazy Yiuf
  6702 | D:6      | Killed Crazy Yiuf
  6835 | D:7      | Reached skill level 9 in Axes
  7118 | D:7      | Reached XP level 9. HP: 79/79 MP: 8/8
  7440 | D:7      | Found Ysanwa's Book Emporium.
  7468 | D:7      | Reached skill level 10 in Axes
  7739 | D:7      | Reached **** piety under Trog
  7960 | D:8      | Noticed Pikel
  7971 | D:8      | Killed Pikel
  8165 | D:8      | Upgraded the game from 0.25-a0-185-g6cfeca75b2 to
                  | 0.25-a0-190-g27fffb8c76
  8623 | D:9      | Reached skill level 11 in Axes
  8631 | D:9      | Noticed a troll
  8637 | D:9      | Killed a troll
  8637 | D:9      | Reached XP level 10. HP: 90/90 MP: 9/9
  8714 | D:9      | Noticed Prince Ribbit
  9099 | D:9      | Found a shattered altar of Ashenzari.
  9236 | D:9      | Found a hide-covered altar of Uskayaw.
  9244 | D:9      | Noticed Erolcha
  9248 | D:9      | Killed Prince Ribbit
  9299 | D:9      | Killed Erolcha
  9705 | D:9      | Noticed Harold
  9730 | D:9      | Killed Harold
  9730 | D:9      | Reached skill level 12 in Axes
  9837 | D:9      | Found a glowing golden altar of the Shining One.
 10114 | D:10     | Entered Level 10 of the Dungeon
 10485 | D:10     | Found a staircase to the Orcish Mines.
 10522 | D:10     | Noticed a two-headed ogre
 10534 | D:10     | Killed a two-headed ogre
 10534 | D:10     | Reached skill level 10 in Fighting
 10534 | D:10     | Reached XP level 11. HP: 98/99 MP: 10/10
 10722 | D:10     | Reached ***** piety under Trog
 10744 | D:10     | Reached skill level 13 in Axes
 11614 | D:11     | Found a staircase to the Lair.
 11821 | D:11     | Reached skill level 10 in Armour
 11896 | D:11     | Found a burning altar of Makhleb.
 12657 | D:11     | Noticed a five-headed hydra
 12967 | Lair:1   | Entered Level 1 of the Lair of Beasts
 13932 | Lair:2   | Reached skill level 14 in Axes
 13938 | Lair:2   | Received a gift from Trog
 14502 | Lair:2   | Noticed a death yak
 14504 | Lair:2   | Noticed a death yak
 14515 | Lair:2   | Killed a death yak
 14515 | Lair:2   | Reached skill level 10 in Dodging
 14516 | Lair:2   | Killed a death yak
 14578 | Lair:2   | Noticed a death yak
 14579 | Lair:2   | Noticed a death yak
 14579 | Lair:2   | Noticed a death yak
 14590 | Lair:2   | Noticed a death yak
 14593 | Lair:2   | Killed a death yak
 14593 | Lair:2   | Reached XP level 12. HP: 110/110 MP: 11/11
 14598 | Lair:2   | Killed a death yak
 14602 | Lair:2   | Killed a death yak
 14609 | Lair:2   | Killed a death yak
 14828 | Lair:2   | Found a staircase to the Snake Pit.
 15418 | Lair:3   | Found a staircase to the Shoals.
 15419 | Lair:3   | Reached skill level 15 in Axes
 15644 | Lair:3   | Noticed Gastronok
 15661 | Lair:3   | Killed Gastronok
 15822 | Lair:3   | Noticed a death yak
 15822 | Lair:3   | Noticed a death yak
 15822 | Lair:3   | Noticed a death yak
 15823 | Lair:3   | Noticed a death yak
 15840 | Lair:3   | Noticed a death yak
 15840 | Lair:3   | Noticed a death yak
 15844 | Lair:3   | Killed a death yak
 15850 | Lair:3   | Killed a death yak
 15854 | Lair:3   | Demolished by a death yak

Levels and vault maps discovered:
D:1:      mushboom_english_gardens, layout_basic, minmay_tripent
D:2:      layout_basic, corexii_leaking_fountain, bloody_makhleb
D:3:      layout_loops_ring, tgw_sif, serial_undead, serial_undead_a,
          serial_undead_a, serial_undead_b, serial_undead_a,
          kennysheep_another_room
D:4:      minmay_opposing_rooms, layout_basic, overflow_temple_1_default,
          minmay_temple_entry_junction, first_ration
D:5:      layout_cave_pods, minitemple, uniq_sigmund
D:6:      layout_loops_corners, lemuel_doored_altar,
          cheibrodos_sewer_entry_drain, uniq_edmund, uniq_menkaure,
          uniq_crazy_yiuf_cottage
D:7:      layout_basic, serial_shops, shop, minmay_increasing_density
D:8:      layout_loops_ring, uniq_pikel
D:9:      layout_small_grid, nicolae_ashenzari_panopticon, basic_altar,
          nicolae_tso_swordbearing_angel, uniq_harold, uniq_prince_ribbit1,
          uniq_erolcha
D:10:     layout_cave_pools, orc_0_dummy, hangedman_stone_soup
D:11:     layout_roguey, erik_lair_dragon, basic_altar
Lair:1:   layout_cave_shapes, st_stairs_10, infiniplex_staircase_pool_2,
          lemuel_fruit_tree
Lair:2:   layout_loops_ring, minmay_snake_entry_guardpost_small,
          grunt_megastairs_3, serial_bayou_shore_b
Lair:3:   layout_gridlike, minmay_shoals_entry_centaurs,
          nicolae_volcano_entry_batcave, chequers_serial_rivers_micro_e,
          beast_lair_carwin_2, uniq_gastronok

Skill      XL: |  1  2  3  4  5  6  7  8  9 10 11 12 |
---------------+-------------------------------------+-----
Fighting       | 4 5 6 7 8 10 11 12 | 12.0
Axes           | 4 5 6 7 9 11 12 14 15 | 15.6
Armour         | 3 4 5 6 8 9 10 11 | 11.7
Dodging        | 3 4 5 6 7 8 10 | 10.9

Action                   |  1- 3 |  4- 6 |  7- 9 | 10-12 || total
-------------------------+-------+-------+-------+-------++-------
Melee: Hand axe          |    70 |   119 |   106 |       ||   295
       Headbutt          |     9 |    21 |    53 |   113 ||   196
       War axe           |       |       |   174 |   255 ||   429
       Battleaxe         |       |       |       |   265 ||   265
 Fire: Longbow           |       |       |       |     3 ||     3
Invok: Trog's Hand       |       |     2 |     1 |     1 ||     4
       Berserk           |       |     2 |    13 |    16 ||    31
       Brothers in Arms  |       |       |       |     1 ||     1
  Use: Scroll            |       |       |     5 |     2 ||     7
       Potion            |       |       |       |     1 ||     1
  Eat: Chunk             |     1 |     8 |    18 |    11 ||    38
       Ration            |       |     1 |     3 |     9 ||    13
Armor: Ring mail         |    18 |    28 |       |       ||    46
       Scale mail        |       |       |    21 |       ||    21
       Chain mail        |       |       |    45 |   135 ||   180
       Steam dragon scal |       |       |       |    11 ||    11
Dodge: Dodged            |    30 |    60 |   154 |   380 ||   624

Table legend:
 A = Non-vault XP
 B = Vault XP
 C = Vault XP percentage of total XP
 D = Non-vault monster count
 E = Vault monster count
 F = Vault count percentage of total count
                 A         B        C        D         E       F
            +---------+---------+-------+---------+---------+-------
      Total |   23915 |    9140 |  27.7 |     258 |      53 |  17.0
            +---------+---------+-------+---------+---------+-------
        D:1 |      43 |       4 |   8.5 |      23 |       2 |   8.0
        D:2 |      87 |       0 |   0.0 |      13 |       0 |   0.0
        D:3 |      29 |      71 |  71.0 |      10 |       6 |  37.5
        D:4 |     363 |     176 |  32.7 |      17 |       8 |  32.0
        D:5 |     281 |     220 |  43.9 |      13 |       1 |   7.1
        D:6 |     781 |     372 |  32.3 |      22 |       6 |  21.4
        D:7 |    1553 |     330 |  17.5 |      29 |       5 |  14.7
        D:8 |     175 |     629 |  78.2 |       6 |       1 |  14.3
        D:9 |    1850 |    2261 |  55.0 |      22 |       3 |  12.0
       D:10 |    3157 |     398 |  11.2 |      42 |       4 |   8.7
       D:11 |    3110 |     957 |  23.5 |      22 |       6 |  21.4
     Lair:1 |     992 |     103 |   9.4 |       5 |       1 |  16.7
     Lair:2 |    8298 |     796 |   8.8 |      25 |       5 |  16.7
     Lair:3 |    3196 |    2823 |  46.9 |       9 |       5 |  35.7
            +---------+---------+-------+---------+---------+-------
